 Dungeon Crawl Stone Soup version 0.30.1-3-gfc49f6343a (webtiles) character file.

Game seed: 2485916737179343711

54530 Dordric the Warrior (level 15, -7/125 HPs)
             Began as a Djinni Air Elementalist on July 21, 2023.
             Was a High Priest of Makhleb.
             Mangled by a demonic crawler (16 damage)
             ... on level 1 of the Spider Nest.
             The game lasted 00:36:55 (20216 turns).

Dordric the Warrior (Djinni Air Elementalist)      Turns: 20216, Time: 00:36:56

Health: -7/125     AC:  6    Str:  7    XL:     15   Next: 14%
Gold:   1311       EV: 12    Int: 23    God:    Makhleb [*****.] SH:  5 Dex: 21

rFire   + + .        v - staff of air
rCold   x . .        (no shield)
rNeg    . . .        O - +0 troll leather armour
rPois   ∞            T - +0 helmet
rElec   +            y - +0 cloak
rCorr   .            (no gloves)
SInv    .            (boots unavailable)
Will    +....        k - amulet of reflection
Stlth   ++++         o - +6 ring of intelligence
HPRegen 1.20/turn    S - ring of Shadows {Umbra +Inv Stlth+}
MPRegen 0.00/turn

%: reflection, infuse magic (-8 HP)
@: flying, wreathed by umbra
A: sickness immunity, fire resistance 2, cold vulnerability 1, float, innate
caster, HP casting, extra vitality 1
a: Renounce Religion, Evoke Invisibility, Minor Destruction, Lesser Servant of
Makhleb, Major Destruction, Greater Servant of Makhleb


You were on level 1 of the Spider Nest.
You worshipped Makhleb.
Makhleb was extremely pleased with you.
You visited 3 branches of the dungeon, and saw 17 of its levels.

You collected 1311 gold pieces.

Inventory:

Hand Weapons
 e - a +1 dagger of draining
 f - a +4 scimitar of flaming
 E - a +3 great sword
Missiles
 w - a throwing net
Armour
 a - a +0 robe
 p - the +1 scale mail of Springtime {rPois rF- rN+++ Int-3}
   (You found it on level 2 of the Dungeon)

   Int:       It affects your intelligence (-3).
   rF:        It makes you vulnerable to fire.
   rPois:     It protects you from poison.
   rN:        It renders you almost immune to negative energy.
 y - a +0 cloak (worn)
 O - a +0 troll leather armour (worn)
 T - a +0 helmet (worn)
Magical Staves
 v - a staff of air (weapon)
 W - a staff of conjuration
Jewellery
 k - an amulet of reflection (around neck)
 o - a +6 ring of intelligence (left hand)
 u - an amulet of the acrobat
 A - a ring of positive energy
 S - the ring of Shadows (right hand) {Umbra +Inv Stlth+}
   (You found it on level 4 of the Lair of Beasts)

   [ring of stealth]

   Umbra:     It surrounds you with an aura of shadow, increasing your stealth
   and reducing the accuracy of all others within it.
   +Inv:      It lets you turn invisible.
   Stlth:     It makes you more stealthy.
 U - an amulet of faith
 V - a +6 ring of strength
Wands
 B - a wand of acid (15)
 D - a wand of roots (20)
 F - a wand of paralysis (16)
 H - a wand of digging (6)
 P - a wand of flame (12)
Scrolls
 c - 3 scrolls of amnesia
 d - 11 scrolls of teleportation
 i - a scroll of poison
 j - 5 scrolls of vulnerability
 l - 3 scrolls of blinking
 m - 4 scrolls of fear
 z - a scroll of immolation
 I - 2 scrolls of enchant weapon
 L - 4 scrolls of identify
 M - a scroll of magic mapping
 Q - 2 scrolls of noise
 R - a scroll of enchant armour {unknown}
Potions
 b - 3 potions of berserk rage
 g - 2 potions of ambrosia
 h - 3 potions of heal wounds
 n - 11 potions of curing
 q - a potion of flight {unknown}
 r - 3 potions of magic
 s - 4 potions of mutation
 t - 5 potions of cancellation
 x - 3 potions of attraction {unknown}
 C - 5 potions of invisibility
 G - 4 potions of degeneration {unknown}
 J - a potion of lignification {unknown}
 K - 3 potions of haste {unknown}
 N - 3 potions of might {unknown}


   Skills:
 + Level 17.7 Fighting
 + Level 10.4 Long Blades
 - Level 2.5 Dodging
 - Level 1.9 Stealth
 - Level 11.4 Spellcasting


You knew the following spells:

 Your Spells              Type           Power      Damage    Failure   Level
a - Shock                 Conj/Air       100%       1d9       1%          1
b - Static Discharge      Conj/Air       100%       2-7/arc   1%          2
c - Swiftness             Air            78%        N/A       1%          3
d - Airstrike             Air            39%        2d(6-22)  1%          4
e - Sandblast             Erth           100%       2d20      1%          1
f - Blink                 Tloc           100%       N/A       1%          2
g - Wereblood             Tmut           60%        N/A       1%          2
h - Cause Fear            Hex            30%        N/A       1%          4
i - Metabolic Englaciati  Hex/Ice        30%        N/A       1%          5
j - Freezing Cloud        Conj/Ice/Air   39%        6-21      1%          5
k - Dispersal             Tloc           30%        N/A       11%         6
Your spell library was empty.

Dungeon Overview and Level Annotations

Branches:
Dungeon (11/15)            Temple (0/1) D:7            Lair (5/5) D:11
 Shoals (0/4) Lair:2       Spider (1/4) Lair:2        Slime (0/5) Lair:4
    Orc (0/2) D:11

Altars:
Ashenzari
Dithmenos
Elyvilon
Gozag
Hepliaklqana
Makhleb
Nemelex Xobeh
Okawaru
Qazlal
Trog
Uskayaw
Xom
Zin

Shops:
D:9 !!?*   D:11 ([

Annotations:
D:7 4 runed translucent doors
D:8 3 runed translucent doors, monsoonserge's ghost, novice DsWr
Lair:4 1 runed translucent door
Spider:1 2 transporters


Innate Abilities, Weirdness & Mutations

You are immune to sickness and miasma.
You are immune to poison.
Your flesh is very heat resistant. (rF++)
You are vulnerable to cold. (rC-)
You float through the air rather than walking.
You learn spells naturally, not from books.
Your magical power is your life essence.
You have superior vitality. (+4 MHP)


Message History

This branch contains the gossamer rune of Zot.
Level annotation: 2 transporters The demonic crawler hits you. x2
The demonic crawler hits you but does no damage.
The demonic crawler hits you! The demonic crawler barely misses you.
The demonic crawler closely misses you.
There is a crawl-hole back to the Lair here.
You block the demonic crawler's attack. The demonic crawler barely misses you.
The demonic crawler hits you but does no damage.
You feel a surge of power!
The air twists around and strikes the demonic crawler!
The demonic crawler is lightly wounded.
The demonic crawler hits you! The demonic crawler hits you.
The demonic crawler hits you but does no damage.
You feel a surge of power!
The air twists around and strikes the demonic crawler!!
The demonic crawler is heavily wounded.
The demonic crawler barely misses you. The demonic crawler hits you.
The demonic crawler hits you!
You feel a surge of power!
The air twists around and strikes the demonic crawler!
The demonic crawler is heavily wounded.
The demonic crawler misses you.
The demonic crawler barely misses you. x2
The redback bites you. The demonic crawler barely misses you.
The demonic crawler completely misses you.
The demonic crawler hits you! You block the demonic crawler's attack.
The demonic crawler barely misses you. The demonic crawler hits you!
The redback bites you!
There is a crawl-hole back to the Lair here.
The redback bites you!
* * * LOW HITPOINT WARNING * * *
You block the demonic crawler's attack. The demonic crawler misses you.
The demonic crawler hits you.
* * * LOW HITPOINT WARNING * * *
The redback bites you.
* * * LOW HITPOINT WARNING * * *
The demonic crawler closely misses you. The demonic crawler hits you!
* * * LOW HITPOINT WARNING * * *
The demonic crawler hits you!
You die...

####.......# #....†....#
## ###.........## ..#..
#######............#......
...$#...#.................
###[#...#..#..............
...©#©©..s.##....^........
###B#......#†s...###.#....
...B#..B####@s..## ###...
#######s.# #.#.## #..
##.####### .# ####^ss#
####.#s.s.#
#####.....[..##
.^##..#s....##
............#
.....†......#


You could see a demonic crawler and a redback.

Vanquished Creatures
  A hydra (Lair:5)
  A centaur warrior (D:11)
  A radroach (Spider:1)
  3 two-headed ogres
  A boulder beetle (Lair:5)
  A death knight (D:11)
  Erica (D:8)
  3 death yaks (Lair:3)
  Urug (Lair:2)
  4 skysharks (Lair:5)
  A pharaoh ant (Spider:1)
  A goliath frog (Lair:5)
  Pikel (D:6)
  A steelbarb worm (Spider:1)
  4 wolf spiders
  3 cyclopes
  Joseph (D:9)
  A merfolk siren (Lair:2)
  14 elephants (Lair:4)
  5 black mambas
  A demonic crawler (Spider:1)
  19 cane toads
  A rime drake (Lair:2)
  8 komodo dragons
  Maggie (D:6)
  A rime drake (shapeshifter) (D:11)
  2 trolls
  3 polar bears
  A tarantella (Spider:1)
  27 blink frogs
  A hornet (D:10)
  7 dream sheep (Lair:3)
  A slime creature (D:11)
  2 vampires (D:11)
  3 wyverns
  2 culicivoras
  A shadow (D:7)
  40 yaks
  3 fire bats (Lair:1)
  2 basilisks
  2 wraiths
  Grum (D:8)
  4 redbacks (Spider:1)
  A steam dragon (Lair:1)
  5 vampire mosquitoes (Lair:5)
  Menkaure (D:4)
  4 ice beasts
  5 orc warriors
  9 water moccasins
  3 black bears
  2 ogres
  15 wolves
  4 lemures (D:6)
  A centaur (D:9)
  A phantom (D:4)
  2 kobold brigands
  2 gnoll sergeants
  Blork the orc (D:4)
  17 bullfrogs
  4 scorpions
  5 wights (D:6)
  2 electric eels (Lair:5)
  4 howler monkeys
  2 jellies
  5 orc priests
  6 hounds
  A sleepcap (D:5)
  3 gnoll boudas
  3 iguanas
  Natasha (twice) (D:3)
  5 orc wizards
  6 hell rats (Lair:1)
  25 gnolls
  7 adders
  A shadow imp (D:6)
  3 white imps
  2 worms
  3 dart slugs
  27 orcs
  A bat (D:1)
  4 endoplasms
  3 giant cockroaches
  6 goblins
  7 hobgoblins
  4 quokkas
  6 ball pythons
  A frilled lizard (D:2)
  14 kobolds
  A rat (D:1)
418 creatures vanquished.

Vanquished Creatures (collateral kills)
  A redback (Spider:1)
1 creature vanquished.

Vanquished Creatures (others)
  A kobold brigand (D:7)
1 creature vanquished.

Grand Total: 420 creatures vanquished

Notes
Turn   | Place    | Note
-------+----------+-------------------------------------------
     0 | D:1      | Dordric the Djinni Air Elementalist began the quest for the
                  | Orb.
     0 | D:1      | Dordric set off with the following spells memorised: Shock,
                  | Static Discharge, Swiftness, Airstrike.
     0 | D:1      | Reached XP level 1. HP: 15/15 MP: 0/0
    65 | D:1      | Found a faded altar of an unknown god.
   248 | D:1      | Reached XP level 2. HP: 20/21 MP: 0/0
   877 | D:2      | Reached XP level 3. HP: 23/26 MP: 0/0
   877 | D:2      | Learned a level 1 spell: Sandblast
  1110 | D:2      | Reached skill level 1 in Fighting
  1605 | D:2      | Identified the +1 scale mail of Springtime {rPois rF- rN+++
                  | Int-3}
  2138 | D:3      | Noticed Natasha
  2142 | D:3      | Killed Natasha
  2143 | D:3      | Reached XP level 4. HP: 20/33 MP: 0/0
  2321 | D:3      | Noticed Natasha
  2324 | D:3      | Reached skill level 2 in Fighting
  2325 | D:3      | Killed Natasha
  2326 | D:3      | Reached XP level 5. HP: 32/38 MP: 0/0
  2326 | D:3      | Learned a level 2 spell: Blink
  2717 | D:4      | Noticed Blork the orc
  2726 | D:4      | Killed Blork the orc
  2727 | D:4      | Reached skill level 3 in Fighting
  2764 | D:4      | Reached XP level 6. HP: 19/46 MP: 0/0
  2909 | D:4      | HP: 1/47 [/static electricity (2)]
  2910 | D:4      | Reached skill level 4 in Fighting
  3101 | D:4      | Noticed a black bear
  3107 | D:4      | Killed a black bear
  3108 | D:4      | Reached XP level 7. HP: 9/53 MP: 0/0
  3108 | D:4      | Learned a level 2 spell: Wereblood
  3662 | D:4      | Reached skill level 5 in Fighting
  3909 | D:4      | Noticed Menkaure
  3910 | D:4      | Killed Menkaure
  3911 | D:4      | Reached skill level 5 in Spellcasting
  3911 | D:4      | Reached XP level 8. HP: 56/60 MP: 0/0
  4198 | D:5      | Entered Level 5 of the Dungeon
  4479 | D:5      | Reached skill level 6 in Fighting
  5165 | D:6      | Noticed Pikel
  5314 | D:6      | Noticed Maggie
  5324 | D:6      | Killed Maggie
  5325 | D:6      | Reached skill level 7 in Fighting
  5325 | D:6      | Reached XP level 9. HP: 6/68 MP: 0/0
  5325 | D:6      | Learned a level 4 spell: Cause Fear
  5624 | D:6      | Found a sparkling altar of Nemelex Xobeh.
  5624 | D:6      | Found a burning altar of Makhleb.
  5624 | D:6      | Found a stormy altar of Qazlal.
  5698 | D:6      | Became a worshipper of Makhleb the Destroyer
  5820 | D:6      | Found a white marble altar of Elyvilon.
  5825 | D:6      | Found a shimmering altar of Xom.
  5973 | D:6      | Killed Pikel
  5974 | D:6      | Reached skill level 8 in Fighting
  7434 | D:7      | Found a large runed translucent door.
  7434 | D:7      | Found a large runed translucent door.
  7441 | D:7      | Reached * piety under Makhleb
  7517 | D:7      | Noticed a gargoyle
  7831 | D:7      | Reached skill level 9 in Fighting
  7831 | D:7      | Reached XP level 10. HP: 41/78 MP: 0/0
  8134 | D:7      | Found a broken altar of Ashenzari.
  8172 | D:7      | Found a staircase to the Ecumenical Temple.
  8216 | D:7      | Found a large runed translucent door.
  8216 | D:7      | Found a large runed translucent door.
  8474 | D:7      | Noticed a cyclops
  8970 | D:7      | Killed a cyclops
  8971 | D:7      | Reached skill level 10 in Fighting
  9561 | D:8      | Noticed Grum
 10007 | D:8      | Killed Grum
 10462 | D:7      | Reached ** piety under Makhleb
 10770 | D:8      | Found a runed translucent gate.
 10770 | D:8      | Found a runed translucent gate.
 10773 | D:8      | Found a runed translucent gate.
 10773 | D:8      | Noticed an 11-headed hydra
 10905 | D:8      | Reached XP level 11. HP: 47/86 MP: 0/0
 10905 | D:8      | Learned a level 5 spell: Metabolic Englaciation
 11073 | D:8      | Found an iron altar of Okawaru.
 11124 | D:8      | Reached skill level 11 in Fighting
 11239 | D:8      | Noticed monsoonserge's ghost (novice DsWr)
 11278 | D:8      | Noticed a two-headed ogre
 11287 | D:8      | Killed a two-headed ogre
 11592 | D:8      | Noticed Erica
 11598 | D:8      | Killed Erica
 12020 | D:9      | Found Gamnun's Distillery.
 12167 | D:9      | Noticed Joseph
 12170 | D:9      | Killed Joseph
 12469 | D:9      | Found a bloodstained altar of Trog.
 12471 | D:9      | Found Kaiv's Distillery.
 12516 | D:9      | Noticed a two-headed ogre
 12521 | D:9      | Killed a two-headed ogre
 12643 | D:9      | Found Fofuis's Magic Scroll Emporium.
 12678 | D:9      | Found Qoashr Yclorph's General Store.
 12855 | D:10     | Entered Level 10 of the Dungeon
 12930 | D:10     | Reached skill level 12 in Fighting
 13012 | D:10     | Found a shadowy altar of Dithmenos.
 13016 | D:10     | Found a hazy altar of Hepliaklqana.
 13269 | D:10     | Reached *** piety under Makhleb
 13605 | D:10     | Reached skill level 10 in Spellcasting
 13695 | D:10     | Found an opulent altar of Gozag.
 13695 | D:10     | Found a glowing silver altar of Zin.
 14042 | D:11     | Found a hide-covered altar of Uskayaw.
 14156 | D:11     | Found a staircase to the Orcish Mines.
 14156 | D:11     | Found Qouqimerit's Weapon Shoppe.
 14156 | D:11     | Found Pew Yhoocij's Armour Shoppe.
 14212 | D:11     | Noticed a two-headed ogre
 14216 | D:11     | Killed a two-headed ogre
 14269 | D:11     | Noticed a cyclops
 14338 | D:11     | Killed a cyclops
 14339 | D:11     | Reached XP level 12. HP: 89/96 MP: 0/0
 14508 | D:11     | Found a staircase to the Lair.
 14510 | D:11     | Noticed a death yak
 14510 | D:11     | Noticed a death yak
 14510 | D:11     | Noticed a death yak
 14676 | D:11     | Noticed a death knight
 14685 | D:11     | Reached skill level 13 in Fighting
 14697 | D:11     | Noticed a centaur warrior
 14823 | D:11     | Killed a centaur warrior
 15071 | D:11     | Killed a death knight
 15159 | Lair:1   | Entered Level 1 of the Lair of Beasts
 15563 | Lair:1   | Reached **** piety under Makhleb
 15623 | Lair:1   | Reached skill level 14 in Fighting
 16155 | Lair:2   | Reached skill level 1 in Long Blades
 16203 | Lair:2   | Reached XP level 13. HP: 97/105 MP: 0/0
 16203 | Lair:2   | Learned a level 5 spell: Freezing Cloud
 16296 | Lair:2   | Found a hole to the Spider Nest.
 16437 | Lair:2   | Noticed Urug
 16441 | Lair:2   | Killed Urug
 16602 | Lair:2   | Found a staircase to the Shoals.
 17000 | Lair:3   | Reached skill level 15 in Fighting
 17007 | Lair:3   | Reached skill level 5 in Long Blades
 18062 | Lair:4   | Found a runed translucent door.
 18063 | Lair:4   | Found a staircase to the Slime Pits.
 18143 | Lair:4   | Reached XP level 14. HP: 101/115 MP: 0/0
 18178 | Lair:4   | Reached skill level 16 in Fighting
 18251 | Lair:4   | Reached ***** piety under Makhleb
 18312 | Lair:4   | Found the ring of Shadows {Umbra +Inv Stlth+}
 18628 | Lair:5   | Entered Level 5 of the Lair of Beasts
 18632 | Lair:5   | Identified the +8 hand axe of the Boiling Point {heavy,
                  | rPois Str+7 Dex-4}
 18877 | Lair:5   | Reached skill level 17 in Fighting
 19183 | Lair:5   | Reached skill level 10 in Long Blades
 19351 | Lair:5   | Reached XP level 15. HP: 118/124 MP: 0/0
 19351 | Lair:5   | Learned a level 6 spell: Dispersal
 19364 | Lair:5   | Found a broken altar of Ashenzari.
 19705 | Spider:1 | Entered Level 1 of the Spider Nest
 19729 | Spider:1 | Found a transporter.
 19730 | Spider:1 | Found a transporter.
 19991 | Spider:1 | HP: 6/124 [redback (8)]
 20216 | Spider:1 | Mangled by a demonic crawler

Illustrated notes

Levels and vault maps discovered:
D:1:      lemuel_arrival_broad_hall, layout_basic,
          shapermc_ecumenical_altar_rom_forum
D:2:      layout_loops_ring, lemuel_flame_loot_1
D:3:      layout_basic, uniq_natasha
D:4:      layout_basic, uniq_blork_the_orc, uniq_menkaure
D:5:      layout_cave_pools
D:6:      corexii_shack_village, layout_basic,
          gammafunk_temple_overflow_forgotten, grunt_temple_overflow_open,
          minmay_misc_feat_ornament, kennysheep_generic_room_8, uniq_maggie,
          uniq_pikel
D:7:      layout_basic, mainiacjoe_overflow_catwalk, ashenzari_altar_1,
          minmay_temple_entry_glass, nrook_uturn, hangedman_decor_peaks_small,
          minmay_misc_feat_pillars, minmay_hollow_rounded_squares
D:8:      layout_basic, okawaru_gym_becter, gammafunk_ghost_hydra_chop,
          special_room [special_room_orc], uniq_erica, uniq_grum
D:9:      layout_cross, mainiacjoe_overflow_alcove_4, serial_shops,
          nicolae_diamond_shop, nicolae_shop_hallway_plus,
          nicolae_shop_rolling_square, nicolae_shop_just_a_little_nook,
          uniq_joseph
D:10:     layout_basic, grunt_temple_overflow_gold_and_silver,
          riverfiend_overflow_shadow_ancestor
D:11:     minmay_chambers_of_sixes, layout_irregular_city, dpeg_lair_monsters,
          orc_david_3, serial_column_ruins, column_ruins_grid_2,
          column_ruins_open_small_water, column_ruins_columns_straight,
          column_ruins_corridor_straight, eat_drink_and_be_merry_uskayaw
Lair:1:   layout_big_grid, nicolae_volcano_entry_batcave
Lair:2:   layout_loops_ring, minmay_shoals_entry_lonely_mermaid,
          spider_nest_entry_funnel_web, chequers_serial_rivers_small_b,
          uniq_urug
Lair:3:   layout_layer_cave, nicolae_lair_run_with_the_wolves
Lair:4:   layout_hall_layers, slime_entry_2, grunt_forest_small_clearing_treed,
          grunt_megastairs_4
Lair:5:   minmay_lair_end_frog_pond, layout_misc_corridors, basic_altar
Spider:1: gammafunk_boulding_lane, drop_trap

Skill      XL: |  1  2  3  4  5  6  7  8  9 10 11 12 13 14 |
---------------+-------------------------------------------+-----
Fighting       | 1 2 3 4 5 7 9 10 12 14 15 17 | 17.7
Spellcasting   | 3 4 5 6 7 8 10 11 | 11.4
Long Blades    | 1 7 10 | 10.4
Dodging        | |  2.5
Stealth        | |  1.9

Action                     |  1- 3 |  4- 6 |  7- 9 | 10-12 | 13-15 || total
---------------------------+-------+-------+-------+-------+-------++-------
  Melee: Great sword       |       |       |     4 |       |       ||     4
         Staff             |       |       |       |     9 |       ||     9
   Cast: Shock             |    49 |       |    15 |     3 |       ||    67
         Static Discharge  |     3 |    13 |     1 |       |       ||    17
         Sandblast         |    17 |    23 |    13 |       |       ||    53
         Swiftness         |     1 |     1 |     9 |     7 |     1 ||    19
         Airstrike         |       |     1 |   123 |   393 |   324 ||   841
         Cause Fear        |       |       |     2 |     1 |       ||     3
         Metabolic Englaci |       |       |       |    20 |    19 ||    39
         Freezing Cloud    |       |       |       |       |    41 ||    41
         Dispersal         |       |       |       |       |     3 ||     3
 Invoke: Major Destruction |       |       |       |     1 |       ||     1
  Evoke: Wand              |       |       |       |     3 |       ||     3
    Use: Scroll            |     7 |       |     3 |    10 |     1 ||    21
         Potion            |       |       |       |     2 |     4 ||     6
 Armour: Robe              |       |     1 |     1 |     8 |       ||    10
         Troll leather arm |       |       |       |     8 |    20 ||    28
  Dodge: Dodged            |     2 |     8 |    15 |    70 |    65 ||   160
  Block: Other             |     1 |     4 |     7 |    30 |    24 ||    66
         Reflection        |       |       |     1 |     2 |       ||     3
